 Dungeon Crawl Stone Soup version 0.23.2-1-ga50397a (webtiles) character file.

Game seed: 16182657804927617134

17095 TrebMcFLY the Cleaver (level 12, -11/105 (106) HPs)
             Began as a Minotaur Fighter on May 21, 2019.
             Was an Elder of Makhleb.
             Mangled by a reaper
             ... wielding a +5 scythe of venom
              (25 damage)
             ... in a Gauntlet.
             The game lasted 00:47:55 (12116 turns).

TrebMcFLY the Cleaver (Minotaur Fighter)           Turns: 12116, Time: 00:47:56

HP:   -11/105 (106) AC: 22    Str: 26    XL:     12   Next: 15%
MP:   16/16         EV:  6    Int:  5    God:    Makhleb [****..]
Gold: 612           SH: 12    Dex: 10    Spells: 11/11 levels left

rFire    x . .     SeeInvis .   a - +0 war axe
rCold    + + .     Gourm    .   c - +0 shield
rNeg     . . .     Faith    +   G - +0 plate armour
rPois    .         Spirit   .   (helmet restricted)
rElec    .         Reflect  .   L - +2 cloak
rCorr    .         Harm     .   s - +0 pair of gloves
MR       .....     NoTele   +   x - +1 pair of boots
Stlth    ..........             F - amulet of faith
HPRegen  0.27/turn              E - ring of protection from cold
MPRegen  0.15/turn              q - ring of ice

@: lethally poisoned (-11 -> -11)
A: retaliatory headbutt, horns 2
a: Minor Destruction, Lesser Servant of Makhleb, Major Destruction, Renounce
Religion


You were in a Gauntlet.
You worshipped Makhleb.
Makhleb was greatly pleased with you.
You were very hungry.

You visited 3 branches of the dungeon, and saw 14 of its levels.
You also visited: Gauntlet.

You collected 612 gold pieces.

Inventory:

Hand Weapons
 a - a +0 war axe (weapon)
 z - a +2 flail of crushing
 P - a +3 battleaxe of flaming
Armour
 c - a +0 shield (worn)
 s - a +0 pair of gloves (worn)
 x - a +1 pair of boots (worn)
 G - a +0 plate armour (worn)
 L - a +2 cloak (worn)
 O - a scarf of repulsion
Jewellery
 i - an uncursed ring of resist corrosion
 q - a ring of ice (right hand)
 E - a ring of protection from cold (left hand)
 F - an amulet of faith (around neck)
 J - an uncursed ring of protection from cold
 N - an uncursed amulet of regeneration
Wands
 y - a wand of acid (6)
 B - a wand of flame (29)
 C - a wand of polymorph (9)
 D - a wand of iceblast (9)
 I - a wand of disintegration (15)
 M - a wand of paralysis (2)
Scrolls
 e - 2 scrolls of fear
 g - 5 scrolls of identify
 h - a scroll of enchant weapon
 j - 8 scrolls of teleportation
 k - 7 scrolls of remove curse
 m - 2 scrolls of magic mapping
 p - 3 scrolls of amnesia
 u - 2 scrolls of immolation
 H - a scroll of fog {unknown}
Potions
 b - 3 potions of flight
 d - 2 potions of might
 l - a potion of agility
 n - a potion of mutation {unknown}
 o - 6 potions of curing
 r - 2 potions of haste
 t - 3 potions of lignification
 v - a potion of magic
 w - a potion of heal wounds
 A - a potion of berserk rage
 K - a potion of degeneration
Comestibles
 f - 26 rations


   Skills:
 + Level 10.2 Fighting
 * Level 13.3 Axes
 + Level 10.3 Armour
 + Level 10.3 Shields
 + Level 7.0 Invocations
 + Level 4.9 Evocations


You had 11 spell levels left.
You didn't know any spells.
Your spell library contained the following spells:

 Spells                   Type           Power        Failure   Level  Hunger
 Animate Skeleton         Necr           N/A          100%        1    ##.....
 Corona                   Hex            #......      100%        1    ##.....
 Pain                     Necr           #...         100%        1    ##.....
 Ensorcelled Hibernation  Hex/Ice        #.....       100%        2    ###....
 Confuse                  Hex            #.......     100%        3    ####...
 Dazzling Spray           Conj/Hex       #.....       100%        3    ####...
 Regeneration             Chrm/Necr      #.........   100%        3    ####...
 Tukima's Dance           Hex            #.......     100%        3    ####...
 Vampiric Draining        Necr           #.........   100%        3    ####...
 Animate Dead             Necr           N/A          100%        4    #####..


Dungeon Overview and Level Annotations

Branches:
Dungeon (11/15)            Temple (1/1) D:5            Lair (2/6) D:11
 Shoals (0/4) Lair:2       Spider (0/4) Lair:2          Orc (0/2) D:10

Altars:
Ashenzari
Cheibriados
Dithmenos
Elyvilon
Fedhas
Gozag
Hepliaklqana
Kikubaaqudgha
Makhleb
Nemelex Xobeh
Okawaru
Qazlal
Ru
Sif Muna
Trog
Uskayaw
Vehumet
Wu Jian
Xom
Yredelemnul
Zin
The Shining One

Shops:
D:8 *

Annotations:
Gauntlet 16 runed translucent doors, 4 transporters, exclusion: ice statue


Innate Abilities, Weirdness & Mutations

You reflexively headbutt those who attack you in melee.
You have a pair of horns on your head.


Message History

The hellwing is heavily wounded.
The orb of electricity engulfs the hellwing but does no damage.
The hellwing is severely wounded.
The orb of electricity engulfs you but does no damage.
You feel sick.
You feel sick.
You feel sick.
You don't know any spells.
There isn't anything here!
Press: ? - help, Shift-Dir - straight line, f/p - reaper
Aim: a reaper, wielding a +5 scythe of venom (lightly wounded)
The fireball explodes!
The fireball engulfs the reaper.
The reaper is moderately wounded.
The fireball engulfs the hellwing but does no damage.
The hellwing is heavily wounded.
You feel sick.
Okay, then.
You feel sick.
The reaper hits you from afar with a +5 scythe of venom!!
You die...

#8#..#.........#.8.#...'..+..
###..#.##.##.#.#...#...'..+..
#####..#[...#..#.#####..##''#++
#≈8≈#..#=#.##.##.#...#..+...'..
##...#..#©..#©.#4.#©.©#©.+...#.©
...8.#..#..##.##4.#...#..+...+..
##...#..#[.#....2.#####(.##++#++
##.8.#..#.##.##.#.#...#...+..+..
.....#..#......@..#...#...+..+..
##...#..###########...##########
#.©.#≈.............≈...........
.....#∩............≈8≈........∩.
##.©.#≈.............≈...........
#...#..###########...##########
.....#..#.##^##...#...#.......34
##.8.#..#.^..^#.###...#.........
#...#..#.###...###...#.........


You could see a reaper and 2 hellwings.

Vanquished Creatures
  A death ooze (Gauntlet)
  Erolcha (D:9)
  A hydra (Lair:2)
  2 two-headed ogres
  An unseen horror (D:11)
  A cyclops (D:11)
  A deep elf mage (D:8)
  An ugly thing (D:8)
  2 centaur zombies
  A centaur skeleton (D:10)
  2 komodo dragons
  2 slime creatures (Gauntlet)
  Sigmund (D:3)
  A wyvern (D:7)
  A wraith (D:10)
  3 hogs (D:7)
  A human (D:7)
  13 yaks
  Grum (Lair:1)
  5 water moccasins
  3 porcupines
  3 ice beasts
  4 orc warriors
  4 wolves (Lair:1)
  2 ogres (D:11)
  A sky beast (D:8)
  A necrophage (D:10)
  5 phantoms
  6 centaurs
  A crocodile (D:11)
  8 bullfrogs
  3 big kobolds
  A water moccasin zombie (D:8)
  2 wyvern skeletons (D:6)
  5 scorpions
  7 killer bees
  4 wights (D:10)
  6 crimson imps
  8 orc priests
  A quasit (D:10)
  4 hounds
  A bullfrog zombie (D:5)
  A jelly (D:6)
  9 orc wizards
  A bullfrog skeleton (D:7)
  6 iguanas
  5 worker ants
  A killer bee zombie (D:10)
  3 hound zombies
  2 hound skeletons
  A worker ant zombie (D:6)
  14 adders
  3 gnolls (D:6)
  2 howler monkey skeletons
  An adder skeleton (D:4)
  4 worms
  4 dart slugs
  3 leopard geckos
  42 orcs
  3 ball pythons
  7 giant cockroaches
  6 goblins
  6 hobgoblins
  10 jackals
  3 quokkas
  7 bats
  6 frilled lizards
  21 kobolds
  5 rats
298 creatures vanquished.

Vanquished Creatures (collateral kills)
  A hydra (D:11)
  An ugly thing (D:11)
  Maurice (D:8)
  A hippogriff (D:11)
  A wraith (D:11)
  A soldier ant (D:11)
  An iguana (D:8)
  4 kobolds (D:8)
11 creatures vanquished.

Vanquished Creatures (others)
  4 plants (Lair:2)
4 creatures vanquished.

Grand Total: 313 creatures vanquished

Notes
Turn   | Place    | Note
-------+----------+-------------------------------------------
     0 | D:1      | TrebMcFLY the Minotaur Fighter began the quest for the Orb.
     0 | D:1      | Reached XP level 1. HP: 19/19 MP: 0/0
   111 | D:1      | Reached XP level 2. HP: 27/27 MP: 1/1
   195 | D:1      | Reached skill level 3 in Axes
   369 | D:1      | Reached XP level 3. HP: 30/33 MP: 2/2
   821 | D:2      | Found a faded altar of an unknown god.
  1129 | D:2      | Reached XP level 4. HP: 40/40 MP: 3/3
  1388 | D:3      | Reached skill level 4 in Axes
  1703 | D:3      | Noticed Sigmund
  2117 | D:3      | Killed Sigmund
  2117 | D:3      | Reached skill level 5 in Axes
  2117 | D:3      | Reached XP level 5. HP: 21/47 MP: 4/4
  2117 | D:3      | Reached XP level 6. HP: 24/55 MP: 5/5
  2525 | D:3      | Reached skill level 5 in Shields
  2824 | D:4      | Reached skill level 5 in Fighting
  2824 | D:4      | Reached skill level 5 in Armour
  3184 | D:4      | Reached skill level 6 in Axes
  3259 | D:4      | Reached XP level 7. HP: 44/61 MP: 6/6
  3577 | D:5      | Entered Level 5 of the Dungeon
  3702 | D:5      | Found an ancient bone altar of Kikubaaqudgha.
  3727 | D:5      | Found a staircase to the Ecumenical Temple.
  3739 | Temple   | Entered the Ecumenical Temple
  3826 | Temple   | Became a worshipper of Makhleb the Destroyer
  4167 | D:5      | Reached skill level 7 in Axes
  4231 | D:5      | Reached skill level 1 in Invocations
  4373 | D:5      | Reached XP level 8. HP: 70/70 MP: 7/7
  4701 | D:6      | Reached * piety under Makhleb
  4745 | D:6      | Reached skill level 8 in Axes
  5511 | D:7      | Got an ancient rapier
  5519 | D:7      | Identified the +0 rapier "Edafosagai" {freeze, Str+5} (You
                  | found it on level 7 of the Dungeon)
  5550 | D:7      | Reached XP level 9. HP: 79/79 MP: 10/10
  5607 | D:7      | Reached skill level 9 in Axes
  5650 | D:7      | Reached ** piety under Makhleb
  5942 | D:7      | Reached skill level 10 in Axes
  6215 | D:8      | Found Bocverchupn's Lightly-Used Armoury.
  6551 | D:8      | Noticed a deep elf mage
  6568 | D:8      | Killed a deep elf mage
  6568 | D:8      | Reached skill level 1 in Evocations
  6568 | D:8      | Reached XP level 10. HP: 72/88 MP: 12/12
  6946 | D:8      | Noticed Maurice
  7359 | D:9      | Reached *** piety under Makhleb
  7471 | D:9      | Noticed Erolcha
  7754 | D:9      | Noticed a two-headed ogre
  7757 | D:10     | Entered Level 10 of the Dungeon
  7881 | D:10     | Reached skill level 11 in Axes
  7917 | D:10     | Reached skill level 5 in Invocations
  8054 | D:10     | Found a staircase to the Orcish Mines.
  8393 | D:11     | Noticed a seven-headed hydra
  8428 | D:9      | Killed Erolcha
  8588 | D:9      | Killed a two-headed ogre
  8868 | D:8      | Killed Maurice
  9004 | D:8      | Found a radiant altar of Vehumet.
  9019 | D:8      | Found a shimmering altar of Xom.
  9019 | D:8      | Found a shadowy altar of Dithmenos.
  9101 | D:8      | Noticed a purple ugly thing
  9123 | D:8      | Killed a purple ugly thing
  9123 | D:8      | Reached XP level 11. HP: 96/96 MP: 14/14
  9362 | D:11     | Killed a seven-headed hydra
  9538 | D:11     | Reached skill level 12 in Axes
  9670 | D:11     | Noticed a green ugly thing
  9672 | D:11     | Reached **** piety under Makhleb
  9697 | D:11     | Killed a green ugly thing
  9882 | D:11     | Noticed a two-headed ogre
  9899 | D:11     | Killed a two-headed ogre
 10512 | D:11     | Killed an unseen horror
 10582 | D:11     | Found a staircase to the Lair.
 10911 | Lair:1   | Entered Level 1 of the Lair of Beasts
 11059 | Lair:1   | Reached skill level 10 in Armour
 11059 | Lair:1   | Reached skill level 10 in Shields
 11073 | Lair:1   | Reached skill level 10 in Fighting
 11146 | Lair:1   | Noticed Grum
 11148 | Lair:1   | Reached skill level 13 in Axes
 11180 | Lair:1   | Killed Grum
 11845 | Lair:2   | Noticed an eight-headed hydra
 11852 | Lair:2   | Killed an eight-headed hydra
 11852 | Lair:2   | Reached XP level 12. HP: 93/105 MP: 16/16
 11907 | Lair:2   | Found a gate leading to a gauntlet.
 11914 | Gauntlet | Entered a Gauntlet
 11914 | Gauntlet | Found a large runed translucent door.
 11914 | Gauntlet | Found a large runed translucent door.
 11914 | Gauntlet | Found a large runed translucent door.
 11914 | Gauntlet | Found a large runed translucent door.
 11914 | Gauntlet | Found a large runed translucent door.
 11914 | Gauntlet | Found a large runed translucent door.
 11914 | Gauntlet | Found a large runed translucent door.
 11914 | Gauntlet | Found a large runed translucent door.
 11914 | Gauntlet | Found a runed translucent door.
 11914 | Gauntlet | Found a runed translucent gate.
 11914 | Gauntlet | Found a transporter.
 11914 | Gauntlet | Found a transporter.
 11914 | Gauntlet | Found a runed translucent gate.
 11914 | Gauntlet | Found a transporter.
 11914 | Gauntlet | Found a transporter.
 11914 | Gauntlet | Noticed a death ooze
 11918 | Gauntlet | Found a transporter.
 11934 | Gauntlet | Found a transporter.
 11940 | Gauntlet | Found a transporter.
 11942 | Gauntlet | Noticed a reaper
 11965 | Gauntlet | Found a runed translucent gate.
 11966 | Gauntlet | Found a large runed translucent door.
 11966 | Gauntlet | Found a large runed translucent door.
 11967 | Gauntlet | Found a large runed translucent door.
 11968 | Gauntlet | Found a large runed translucent door.
 11969 | Gauntlet | Found a large runed translucent door.
 11969 | Gauntlet | Found a large runed translucent door.
 11969 | Gauntlet | Found a runed translucent door.
 11970 | Gauntlet | Found a large runed translucent door.
 11971 | Gauntlet | Found a large runed translucent door.
 12028 | Gauntlet | Reached ***** piety under Makhleb
 12033 | Gauntlet | Killed a death ooze
 12116 | Gauntlet | Mangled by a reaper

Skill      XL: |  1  2  3  4  5  6  7  8  9 10 11 12 |
---------------+-------------------------------------+-----
Axes           | 3 5 6 7 8 10 11 13 | 13.3
Armour         | 4 5 6 7 8 9 10 | 10.3
Fighting       | 4 5 6 7 8 9 10 | 10.2
Shields        | 4 5 6 7 8 9 10 | 10.3
Invocations    | 1 3 4 5 6 7 |  7.0
Evocations     | 1 3 4 |  4.9

Action                   |  1- 3 |  4- 6 |  7- 9 | 10-12 || total
-------------------------+-------+-------+-------+-------++-------
Melee: War axe           |    74 |   144 |   350 |   484 ||  1052
       Headbutt          |     9 |    23 |    72 |   127 ||   231
       Flail             |       |       |       |     8 ||     8
Invok: Lesser Servant of |       |       |       |    10 ||    10
       Minor Destruction |       |       |       |     3 ||     3
       Major Destruction |       |       |       |     2 ||     2
  Use: Scroll            |       |       |     2 |    19 ||    21
       Potion            |       |       |       |     1 ||     1
  Eat: Chunk             |     1 |     7 |    11 |    10 ||    29
       Ration            |       |       |       |     2 ||     2
Armor: Scale mail        |    34 |       |       |       ||    34
       Chain mail        |       |    94 |   173 |       ||   267
       Plate armour      |       |       |     5 |   220 ||   225
Dodge: Dodged            |    19 |    50 |    65 |    92 ||   226
Block: Shield            |    40 |    97 |   178 |   280 ||   595
